Construct Section Command Post
Selects Heavy Armor Battlegroup
Selects Heavy Armor Battlegroup
Construct Platoon Command Post
6-pounder Anti-tank Gun Team
Construct Company Command Post
Selects Engineer Detachments
Selects Forward Repair Assembly
Selects Light Vehicle Withdraw and Refit
Unlock M3 Grant Medium Tanks
Selects Forward Repair Assembly
Unlock Towed 17-pounder Anti-tank Guns
17-pounder Anti-tank Gun Team